[Event "Sabato rapido!"]
[Site "Chess.com"]
[Date "2020.05.02"]
[Round "4"]
[White "Piccolorso"]
[Black "sirmale49"]
[Result "0-1"]
[WhiteElo "1208"]
[BlackElo "1389"]
[TimeControl "720+3"]
[EndTime "7:45:31 PDT"]
[Termination "sirmale49 ha vinto per abbandono"]

1. e4 e5 2. Nf3 Nc6 3. Bb5 d6 4. d4 Bd7 5. Nc3 Nf6 6. O-O a6 7. Bxc6 Bxc6 8. d5 Bd7 9. Re1 Bg4 10. Qd3 h6 11. h3 Bd7 12. a4 g5 13. Nh2 Rg8 14. Bd2 Qc8 15. Re3 g4 16. h4 h5 17.
g3 Bh6 18. Re2 Bxd2 19. Qxd2 c6 20. b3 c5 21. Nf1 c4 22. Rc1 Qc5 23. Ne3 b5 24.
axb5 axb5 25. Ree1 Rc8 26. bxc4 bxc4 27. Qe2 Qd4 28. Ncd1 Nxe4 29. c3 Qd3 30. Qxd3 cxd3 31. Rf1 Nd2 32. Re1 Nf3+ 33. Kf1 Nxe1 34. Kxe1 f5 35.
Kd2 f4 36. gxf4 exf4 37. Ng2 Rf8 38. Kxd3 Bf5+ 39. Kd4 Bd7 40. Nb2 f3 41. Ne3 Rf4+ 42. Kd3 Bf5+ 43. Kd2 Bg6 44. Nd3 Bxd3 45. Kxd3 Kd7 46.
c4 Ra8 47. c5 Ra3+ 48. Rc3 Rxc3+ 49. Kxc3 dxc5 50. Nf1 Rd4 51. Ne3 Re4 52. Kd3 Re5 53. Kd2 Rxe3 54. Kxe3 Kd6 55. Kd3 Kxd5 0-1

[Event "Sabato rapido!"]
[Site "Chess.com"]
[Date "2020.05.02"]
[Round "5"]
[White "Mrtre7"]
[Black "ottovolante"]
[Result "1-0"]
[WhiteElo "1428"]
[BlackElo "1008"]
[TimeControl "720+3"]
[EndTime "7:52:26 PDT"]
[Termination "Mrtre7 ha vinto per scaccomatto"]

1. d4 e6 2. c4 d5 3. Nc3 dxc4 4.
e4 e5 5. d5 Bb4 6. Qa4+ Bd7 7. Qxb4 a5 8. Qxc4 Nf6 9. Nf3 O-O 10. Bg5 h6 11. Bh4 Qe8 12. Qxc7 Na6 13. Qxe5 Qxe5 14. Nxe5 Nc5 15. Bxf6 gxf6 16. Nxd7 Nxd7 17.
Bb5 Ne5 18. f4 Ng4 19. Ke2 h5 20. h3 Nh6 21. Rhg1 f5 22. e5 f6 23. e6 b6 24. d6 Rad8 25. e7 Rf7 26. exd8=Q+ Kg7 27. Be8 Ng4 28. Bxf7 Nf2 29. Qg8+ Kh6 30. Qh8# 1-0

[Event "Sabato rapido!"]
[Site "Chess.com"]
[Date "2020.05.02"]
[Round "5"]
[White "sirmale49"]
[Black "crippo"]
[Result "1-0"]
[WhiteElo "1400"]
[BlackElo "1458"]
[TimeControl "720+3"]
[EndTime "7:54:56 PDT"]
[Termination "sirmale49 ha vinto per scaccomatto"]

1. f4 Nf6 2. Nf3 d5 3. g3 c5 4. e3 Nc6 5. Bg2 h5 6. h4 e6 7. Bh3 Ne4 8. Rg1 Bd6 9. d3 Nf6 10. Nc3 d4 11. Ne4 Nxe4 12. dxe4 dxe3 13. Bxe3 Qb6 14. Qxd6 Qb4+ 15. Qd2 Qxe4 16. O-O-O Qxf3 17. Bg2 Qxe3 18. Bxc6+ bxc6 19. Qxe3 O-O 20. g4 hxg4 21.
Rxg4 e5 22. Rg3 exf4 23. Qxf4 Be6 24. Qg5 g6 25. h5 Bxa2 26. h6 Kh7 27. Qf6 Rg8 28.
Rd7 Raf8 29. b3 c4 30. Rxf7+ Rxf7 31. Qxf7+ Kh8 32. Rxg6 Rxg6 33. Qxg6 cxb3 34. Qg7# 1-0

[Event "Sabato rapido!"]
[Site "Chess.com"]
[Date "2020.05.02"]
[Round "5"]
[White "laremaro"]
[Black "pedrak"]
[Result "1/2-1/2"]
[WhiteElo "1728"]
[BlackElo "1641"]
[TimeControl "720+3"]
[EndTime "8:05:15 PDT"]
[Termination "Patta d'accordo"]

1. e4 d6 2. d3 Nf6 3. g3 g6 4.
Bg2 Bg7 5. Nd2 e5 6. Ngf3 O-O 7. O-O h6 8. h3 Be6 9. c3 Qc8 10. Kh2 c6 11. Qe2 Nh7 12. d4 Nd7 13. dxe5 dxe5 14.
Nb3 Qc7 15. Be3 Rfd8 16. Nc5 Nxc5 17. Bxc5 Nf8 18. b3 b6 19. Be3 Rd7 20. Rfd1 Rad8 21. Rxd7 Qxd7 22. Ne1 Nh7 23. Nc2 Ng5 24. Bxg5 hxg5 25.
Ne3 Bf8 26. Rd1 Qc7 27. Ng4 Rxd1 28. Qxd1 Kg7 29. Kg1 Be7 30. Kf1 c5 31. c4 f5 32. Ne3 Qc8 33. Nd5 Bf8 34. Qd2 f4 35. g4 Qd7 36. Bf3 Bd6 37. Kg2 Bc7 38. Qd1 Bd8 39. Kf1 b5 40. Kg2 bxc4 41. bxc4 Ba5 42. Qb3 Bd8 43. Qb8 Bf6 44. Qb5 Qxb5 45. cxb5 Bd8 46.
Kf1 Ba5 47. Be2 Kf7 48. Bc4 Bxd5 49. Bxd5+ Kf6 50. Ke2 Bb4 51. Kd3 Ke7 52. f3 Ba5 53. Kc4 Bb6 54. a4 Kd6 55. Bf7 Bd8 56. Bxg6 Bb6 57. Bf7 Bd8 1/2-1/2

[Event "Sabato rapido!"]
[Site "Chess.com"]
[Date "2020.05.02"]
[Round "5"]
[White "donaldnecesito"]
[Black "caramante"]
[Result "1-0"]
[WhiteElo "1644"]
[BlackElo "1502"]
[TimeControl "720+3"]
[EndTime "8:05:53 PDT"]
[Termination "donaldnecesito ha vinto per abbandono"]

1. e4 c5 2. Nf3 d6 3. d4 cxd4 4.
Nxd4 Nf6 5. Nc3 a6 6. Bg5 e6 7. f4 Be7 8. Qf3 Qc7 9. Bd3 O-O 10. g4 Nc6 11. Nxc6 bxc6 12. Bxf6 Bxf6 13. g5 Bxc3+ 14. bxc3 e5 15. f5 Kh8 16. O-O Bd7 17. Kh1 Rae8 18. Rf2 d5 19. Raf1 f6 20. h4 Qd6 21. Rg1 a5 22. Qh5 Re7 23. Rfg2 Be8 24. Qg4 c5 25. gxf6 Rxf6 26. exd5 Rh6 27. Be4 Qf6 28. Rh2 Bh5 29. Qg5 Be8 30. Rg4 Rh5 31. Qxf6 gxf6 32. Rhg2 Bf7 33.
Kh2 Rd7 34. Kh3 Rh6 35. c4 Rd8 36. Rg7 Bh5 37. d6 Bg6 38. Rc7 Rxd6 39. fxg6 hxg6 40. Bxg6 Rd8 41. h5 Rf8 42. Rf7 Kg8 43. Rxf8+ Kxf8 44. Kg4 Ke7 45. Kf5 a4 46. Rd2 Rh8 47. Rd5 Rd8 48.
Rxd8 Kxd8 49. Kxf6 1-0

[Event "Sabato rapido!"]
[Site "Chess.com"]
[Date "2020.05.02"]
[Round "5"]
[White "fisherpez"]
[Black "Ollarov"]
[Result "0-1"]
[WhiteElo "1630"]
[BlackElo "2017"]
[TimeControl "720+3"]
[EndTime "8:06:15 PDT"]
[Termination "Ollarov ha vinto per scaccomatto"]

1. e3 Nf6 2. b3 g6 3. Bb2 Bg7 4. Nc3 d6 5. Be2 O-O 6. h4 h5 7.
Nf3 Bg4 8. Nh2 Bxe2 9. Qxe2 Nc6 10. O-O-O a5 11. g4 hxg4 12. Nxg4 Nh5 13. Rdg1 Qd7 14.
Nb1 Qf5 15. e4 Qc5 16. Ba3 Nb4 17. Qc4 Nxa2+ 18. Kd1 Qxc4 19. bxc4 Rfb8 20. c3 b5 21.
cxb5 Rxb5 22. Kc2 Nf4 23. Ne3 Nb4+ 24. Kd1 Nbd3 25. Kc2 Rab8 26. Nc4 Nxf2 27. Rh2 Nxe4 28. Rg4 e5 29. Rxf4 exf4 30. Rh1 f3 31. Rf1 f2 32.
d3 Rxb1 33. Rxb1 Rxb1 34. dxe4 f1=Q 35. Nd2 Qd1+ 36. Kd3 Rb3 37. Bc1 Rxc3# 0-1

[Event "Sabato rapido!"]
[Site "Chess.com"]
[Date "2020.05.02"]
[Round "5"]
[White "moha1812med"]
[Black "fausto2p"]
[Result "1-0"]
[WhiteElo "1039"]
[BlackElo "991"]
[TimeControl "720+3"]
[EndTime "8:08:40 PDT"]
[Termination "moha1812med ha vinto per abbandono"]

1. d4 d5 2. c4 c6 3. Nf3 Nf6 4. e3 e6 5. Bd3 dxc4 6. Bxc4 b5 7. Bd3 Bb4+ 8. Bd2 Bxd2+ 9. Nbxd2 Nbd7 10. O-O O-O 11.
e4 c5 12. e5 Nd5 13. Be4 Bb7 14. Qc2 c4 15. Bxh7+ Kh8 16. Be4 a6 17. Rad1 Rc8 18. Bxd5 Bxd5 19. Qc3 Qe7 20. Ne1 b4 21. Qh3+ Kg8 22.
b3 c3 23. Ndf3 c2 24. Rc1 Be4 25. Qh5 f6 26. Qh4 Bxf3 27. gxf3 Rc3 28. Rxc2 Rxf3 29.
Nxf3 Qf7 30. Rfc1 fxe5 31. Ng5 Qg6 32. Rc8 Nf6 33. Qh8+ 1-0

[Event "Sabato rapido!"]
[Site "Chess.com"]
[Date "2020.05.02"]
[Round "5"]
[White "bellapero"]
[Black "sergiodone"]
[Result "0-1"]
[WhiteElo "1291"]
[BlackElo "1488"]
[TimeControl "720+3"]
[EndTime "8:11:24 PDT"]
[Termination "sergiodone ha vinto per abbandono"]

1. e4 c5 2. d4 cxd4 3. Nf3 a6 4. Nxd4 d6 5. Nc3 e6 6. Bd3 Be7 7. O-O Nf6 8. Re1 Qc7 9. Nf3 Nc6 10. Be3 b5 11. Bf4 Bb7 12. e5 dxe5 13. Bxe5 Nxe5 14. Nxe5 h5 15. Qd2 Ng4 16. Nf3 Bd6 17. h3 Bxf3 18.
gxf3 Nh2 19. Qe3 Bf4 20. Qe4 Rd8 21. Rad1 Kf8 22. Qb4+ Bd6 23. Qe4 Bf4 24. Qb4+ Kg8 25.
Re4 Nxf3+ 26. Kg2 Ng5 27. Rxf4 Rh6 28. h4 Nh7 29. Qe4 Nf6 30. Qb4 e5 31. Rf3 Rd4 32. Qa3 Rxh4 33. Qxa6 Rg4+ 34. Rg3 Rxg3+ 35. fxg3 e4 36.
Nxe4 Nxe4 37. Bxe4 Rxa6 38. Bd3 Rd6 39. b3 g6 40. Kh3 Kg7 41. Rf1 Rf6 42. Rxf6 Kxf6 43. Bxb5 Qxc2 44. Ba4 Qd2 45. Kh4 Qg5+ 46. Kh3 Qe3 47. Kh4 Qe4+ 48. Kh3 g5 49. Kh2 g4 50.
Kg1 Qf3 51. Kh2 Qf2+ 0-1

[Event "Sabato rapido!"]
[Site "Chess.com"]
[Date "2020.05.02"]
[Round "6"]
[White "sergiodone"]
[Black "moha1812med"]
[Result "1-0"]
[WhiteElo "1489"]
[BlackElo "1032"]
[TimeControl "720+3"]
[EndTime "8:16:09 PDT"]
[Termination "sergiodone ha vinto per abbandono"]

1. e4 e5 2. d4 Bd6 3. Bc4 Nf6 4. Bg5 h6 5. Bh4 O-O 6. Nf3 a6 7. dxe5 Bb4+ 8. c3 Be7 9. exf6 Bxf6 10. Bxf6 Qxf6 11.
O-O b5 12. Bd3 Bb7 13. Qe2 b4 14. Nbd2 bxc3 15. bxc3 Qxc3 16. Rac1 Qa5 17. Nc4 Qxa2 18. Qxa2 1-0

[Event "Sabato rapido!"]
[Site "Chess.com"]
[Date "2020.05.02"]
[Round "6"]
[White "Ollarov"]
[Black "donaldnecesito"]
[Result "1-0"]
[WhiteElo "2025"]
[BlackElo "1639"]
[TimeControl "720+3"]
[EndTime "8:20:26 PDT"]
[Termination "Ollarov ha vinto per abbandono"]

1. e4 Nf6 2. Nc3 d6 3. d4 g6 4. f4 Bg7 5. Nf3 O-O 6. e5 dxe5 7. fxe5 Nd5 8. Bc4 c6 9. O-O Nxc3 10. bxc3 c5 11. d5 a6 12. a4 b6 13. Bg5 h6 14.
Bh4 g5 15. Bg3 Bb7 16. Qd2 Nd7 17. d6 Bxf3 18. Rxf3 Nxe5 19. Bxe5 Bxe5 20. d7 Bd6 21. Qd5 Qxd7 22. Rxf7 e6 23. Rxd7 exd5 24. Bxd5+ Kh8 25. Bxa8 Be5 26. Rf1 Rxa8 27. Rff7 Bxc3 28. g3 Bd4+ 29. Kg2 Re8 30. Rh7+ Kg8 31. Rxh6 Re2+ 32. Kh3 c4 33. Rxd4 Rxc2 34. Rxb6 1-0

[Event "Sabato rapido!"]
[Site "Chess.com"]
[Date "2020.05.02"]
[Round "6"]
[White "pedrak"]
[Black "fisherpez"]
[Result "1-0"]
[WhiteElo "1657"]
[BlackElo "1558"]
[TimeControl "720+3"]
[EndTime "8:27:53 PDT"]
[Termination "pedrak ha vinto per scaccomatto"]

1. Nf3 e6 2. g3 Nf6 3. Bg2 Nc6 4. O-O Be7 5. d3 h5 6. h3 Nh7 7. e4 g6 8. Nc3 b6 9. Nh2 d6 10. f4 Bb7 11. Be3 Qd7 12. Nf3 a6 13. Ne2 O-O-O 14.
c3 Nb8 15. Qc2 Rdg8 16. Qd2 Nf8 17. b4 d5 18. e5 Qd8 19. h4 Nfd7 20. Rfc1 f6 21.
exf6 Bxf6 22. Bd4 Nc6 23. Bxf6 Nxf6 24. Ng5 Qe7 25. Nd4 Nd8 26. Re1 Ng4 27. Ndxe6 Nxe6 28.
Rxe6 Qg7 29. Rae1 Kb8 30. R1e5 Qd7 31. Re7 Qa4 32. Bxd5 Bxd5 33. Rxd5 Qc6 34. c4 Nf6 35. Re6 Qb7 36. Rxf6 Re8 37. Re6 Ref8 38. Qe2 Rc8 39. Qe4 Qa7 40. Qxg6 b5+ 41. c5 Qb7 42. Qe4 c6 43.
Rdd6 Qg7 44. Qe5 Qxe5 45. Rxe5 Rc7 46. f5 Kc8 47. f6 Rf8 48. f7 Rcxf7 49. Nxf7 Rxf7 50.
Rxh5 Rg7 51. Rxc6+ Kd7 52. Rd6+ Ke7 53. Kg2 Rf7 54. Rxa6 Kd8 55. Rh8+ Ke7 56. Ra7+ Kf6 57. Rxf7+ Kxf7 58. Kf3 Ke6 59. Ke4 Kf6 60. c6 Kg6 61. c7 Kg7 62. c8=Q Kf6 63. Qf5+ Ke7 64. Rh7+ Kd6 65. Qg6# 1-0

[Event "Sabato rapido!"]
[Site "Chess.com"]
[Date "2020.05.02"]
[Round "6"]
[White "fausto2p"]
[Black "Piccolorso"]
[Result "0-1"]
[WhiteElo "979"]
[BlackElo "1225"]
[TimeControl "720+3"]
[EndTime "8:32:20 PDT"]
[Termination "Piccolorso ha vinto per abbandono"]

1. d4 Nf6 2. c4 e6 3. Nf3 b6 4. Nc3 Bb7 5. e3 d5 6. a3 Be7 7. b4 c5 8. bxc5 bxc5 9. cxd5 Nxd5 10. Nxd5 Bxd5 11. Qa4+ Bc6 12. Bb5 Qd7 13. Bxc6 Qxc6 14. Qc2 O-O 15. O-O cxd4 16. Qxc6 Nxc6 17. Nxd4 Nxd4 18.
exd4 Bf6 19. Be3 Rfd8 20. Rfd1 Rd7 21. Rd3 Rad8 22. Rad1 Rd5 23. g3 a5 24. f4 h6 25.
Kg2 a4 26. Kf3 Rb5 27. Rc1 Rdb8 28. Rc5 Rb3 29. Rcc3 Rxc3 30. Rxc3 Rb3 31. Rc8+ Kh7 32. Rc4 Rxa3 33. Ke4 g5 34. Bc1 Ra2 35. fxg5 Bxg5 36. h4 Bxc1 37. Rxc1 Kg6 38. g4 Rg2 39. g5 hxg5 40.
hxg5 Rxg5 41. Ra1 Ra5 42. Kd3 a3 43. Kc4 a2 44. Kb4 Ra7 45. Kb3 Kf5 46. Rxa2 Rxa2 47.
Kxa2 Ke4 48. d5 Kxd5 49. Kb3 Kd4 50. Kc2 e5 51. Kd2 f5 52. Ke2 e4 53. Kd2 f4 54.
Ke2 f3+ 55. Kf2 Kd3 56. Kf1 e3 57. Ke1 f2+ 58. Kf1 Kd2 59. Kg2 Ke1 0-1

[Event "Sabato rapido!"]
[Site "Chess.com"]
[Date "2020.05.02"]
[Round "6"]
[White "caramante"]
[Black "Mrtre7"]
[Result "1-0"]
[WhiteElo "1518"]
[BlackElo "1402"]
[TimeControl "720+3"]
[EndTime "8:32:37 PDT"]
[Termination "caramante ha vinto per abbandono"]

1. e4 c5 2. Nf3 e6 3. g3 Nc6 4. Bg2 Nf6 5. d3 d5 6. Bg5 dxe4 7. Bxf6 Qxf6 8. dxe4 Be7 9. c3 O-O 10. O-O Rd8 11. Qc2 b6 12. Re1 Ba6 13. e5 Qh6 14. Nbd2 Rac8 15. Rad1 Bd3 16. Qa4 b5 17. Qg4 c4 18.
Bf1 Bc2 19. Rc1 Bf5 20. Qf4 Qxf4 21. gxf4 f6 22. Ne4 fxe5 23. Nxe5 Nxe5 24. fxe5 Rd5 25.
Ng3 Bg6 26. Bg2 Rd2 27. Re2 Rxe2 28. Nxe2 Rd8 29. Nd4 Bc5 30. Nxe6 Rc8 31. Bd5 Kh8 32. Kg2 Bf7 33. f4 Bxe6 34. Bxe6 Be3 35. Rf1 Rf8 36. f5 g6 37. f6 h5 38. Re1 Bf4 39. Kf3 g5 40. h4 Bd2 41. Rg1 g4+ 42. Ke4 Kh7 43. Kf5 Rd8 44. Bf7 Rd3 45. Bg6+ Kh6 46. Be8 Rf3+ 47. Ke6 g3 48. f7 Be3 49. Rxg3 Rxg3 50. f8=Q+ Rg7 51. Kf6 1-0

[Event "Sabato rapido!"]
[Site "Chess.com"]
[Date "2020.05.02"]
[Round "6"]
[White "sirmale49"]
[Black "laremaro"]
[Result "1-0"]
[WhiteElo "1415"]
[BlackElo "1661"]
[TimeControl "720+3"]
[EndTime "8:37:49 PDT"]
[Termination "sirmale49 ha vinto per abbandono"]

1. f4 g6 2. Nf3 Bg7 3. g3 d6 4.
Bg2 c6 5. O-O Qc7 6. e3 Nf6 7.
Nc3 O-O 8. d3 Bg4 9. h3 Bc8 10.
Bd2 Nbd7 11. d4 e5 12. Ng5 exd4 13. exd4 h6 14. Nge4 d5 15. Nxf6+ Nxf6 16. Re1 Bf5 17. g4 Bd7 18. Na4 Rae8 19. Nc5 Bc8 20. Qf3 b6 21. Nd3 Ne4 22. Bc3 c5 23. Ne5 cxd4 24. Bxd4 Bb7 25. c3 Kh7 26. Qd3 f6 27. Nf3 Qxf4 28. Rf1 Qg3 29.
Bf2 Qc7 30. Rae1 Qc4 31. Qxc4 dxc4 32. Bd4 Kg8 33. h4 Ng3 34. Rxe8 Rxe8 35. Rf2 Ne2+ 36. Kf1 Nxd4 37. Nxd4 Bxg2+ 38. Kxg2 Re4 39. Kg3 a6 40. Re2 Rxe2 41. Nxe2 f5 42. gxf5 gxf5 43. Kf4 Bf6 44. h5 Kf7 45. Kxf5 b5 46. Nf4 b4 47. Nd5 bxc3 48.
bxc3 Bg7 49. Nc7 Bxc3 50. Nxa6 Bd2 51. Ke4 Kf6 52. Kd4 c3 53. Kd3 Kg5 54. Nc5 Kxh5 55. Ne4 Kg4 56. Nxd2 cxd2 57. Kxd2 h5 58. a4 h4 59. Ke2 1-0